 Dungeon Crawl Stone Soup version 0.17-a0-2069-g0f4ee5b (webtiles) character file.

7686 pk666 the Fighter (level 11, 0/107 HPs)
             Began as a Minotaur Fighter on Oct 14, 2015.
             Was a High Priest of Okawaru.
             Succumbed to poison (a potion of poison)
             ... on level 10 of the Dungeon.
             The game lasted 00:33:29 (10254 turns).

pk666 the Fighter (Minotaur Fighter)               Turns: 10254, Time: 00:33:30

Health: 0/107      AC: 12    Str: 24    XL:     11   Next: 0%
Magic:  11/13      EV: 13    Int:  5    God:    Okawaru [*****.]
Gold:   816        SH:  0    Dex: 10    Spells: 0 memorised, 10 levels left

rFire  . . .     SeeInvis .     P - +0 battleaxe
rCold  . . .     Clarity  +     S - +0 ring mail (curse)
rNeg   . . .     SustAt   .     (no shield)
rPois  .         Gourm    .     (helmet restricted)
rElec  .         Spirit   .     k - +2 cloak
rCorr  .         Warding  .     B - +0 pair of gloves
rMut   .         Stasis   .     (no boots)
MR     .....                    m - amulet of clarity
Stlth  ++........               (no ring)
                                v - ring of flight

@: lethally poisoned (0 -> -10), heroism, not resistant to hostile enchantments,
unstealthy
A: retaliatory headbutt, horns 2
a: Heroism, Finesse, Renounce Religion, Evoke Flight


You were on level 10 of the Dungeon.
You worshipped Okawaru.
Okawaru was extremely pleased with you.
You were not hungry.

You visited 1 branch of the dungeon, and saw 10 of its levels.

You collected 816 gold pieces.

Inventory:

Hand Weapons
 a - a +1 war axe
 P - a +0 battleaxe (weapon)
Armour
 b - a +0 scale mail
 c - a +0 shield
 k - a +2 cloak (worn)
 w - a +0 plate armour
 B - a +0 pair of gloves (worn)
 S - a cursed +0 ring mail (worn)
Jewellery
 m - an amulet of clarity (around neck)
 t - an uncursed amulet of resist corrosion
 v - a ring of flight (left hand)
Wands
 n - a wand of random effects (32)
 N - a wand of magic darts (13)
 O - a wand of polymorph (8)
Scrolls
 f - 3 scrolls of teleportation {unknown}
 g - 2 scrolls of noise {unknown}
 i - 8 scrolls of identify
 j - 4 scrolls of remove curse
 q - 2 scrolls of recharging {unknown}
 y - a scroll of blinking {unknown}
 C - a scroll of immolation {unknown}
 D - a scroll of fear {unknown}
 G - a scroll of enchant armour {unknown}
 H - a scroll of torment {unknown}
 J - 2 scrolls of enchant weapon
Potions
 d - 2 potions of might
 e - 2 potions of curing
 p - a potion of agility
 r - a potion of mutation {unknown}
 s - 2 potions of ambrosia
 u - a potion of berserk rage
 z - a potion of lignification {unknown}
 A - a potion of degeneration {unknown}
 E - a potion of invisibility {unknown}
 I - 2 potions of poison
 K - a potion of cancellation {unknown}
 Q - 2 potions of cure mutation {unknown}
Books
 o - a Grand Grimoire

   Spells                             Type                      Level
   a - Monstrous Menagerie            Summoning                    6
   b - Summon Greater Demon           Summoning                    7
   c - Malign Gateway                 Summoning/Translocation      7
   d - Summon Horrible Things         Summoning                    8
 L - a book of the Tempests

   Spells                             Type                      Level
   a - Static Discharge               Conjuration/Air              3
   b - Lightning Bolt                 Conjuration/Air              5
   c - Fireball                       Conjuration/Fire             5
   d - Tornado                        Air                          9
   e - Shatter                        Earth                        9
 R - a Necronomicon

   Spells                             Type                      Level
   a - Haunt                          Necromancy/Summoning         7
   b - Borgnjor's Revivification      Necromancy                   8
   c - Death's Door                   Charms/Necromancy            8
   d - Necromutation                  Transmutation/Necromancy     8
Comestibles
 h - 9 meat rations
 l - 10 chunks of flesh
 x - 3 bread rations
 F - a royal jelly
 M - 24 fruits


   Skills:
 + Level 13.3(18.3) Fighting
 + Level 13.0(18.0) Axes
 - Level 6.0(11.0) Armour
 - Level 3.6(8.6) Shields
 + Level 4.7 Invocations


You had 10 spell levels left.
You didn't know any spells.

Dungeon Overview and Level Annotations

Branches:
Dungeon (10/15)            Temple (0/1) D:6
   Lair: D:8-11         Orc: D:9-12

Altars:
Dithmenos
Fedhas
Gozag
Nemelex Xobeh
Okawaru
Ru
Sif Muna
Vehumet
Xom


Innate Abilities, Weirdness & Mutations

You reflexively headbutt those who attack you in melee.
You have a pair of horns on your head.


Message History

You hit the efreet but do no damage.
You hear a shout!
The efreet hits you with a scimitar of flaming!
* * * LOW HITPOINT WARNING * * *
The efreet burns you.
* * * LOW HITPOINT WARNING * * *
Use which ability?
You gain the combat prowess of a mighty hero.
You feel slightly more hungry. The efreet gestures at you.
The fireball explodes!
The fireball engulfs you!
* * * LOW HITPOINT WARNING * * *
The fireball engulfs the efreet.
The efreet completely resists.
You hear a shout!
An adder comes into view.
Drink which item? (? for menu, Esc to quit)
It was a potion of poison.
That liquid tasted very nasty...
You are lethally poisoned!
You die...

### #.. ..## ########.##
.... # .........#### #..
.S###..........## #.
....)...h...#..### #.
#.=.......##...####.
##.##.........####.....(
......R@5.....# ####...
..#...####.#### #..#
..... #.# #..# .... #.#
#... ... #.# #... .. ...
.... . #.# ##..# #..
...#


You could see an efreet, a hound, a crimson imp and an adder.

Vanquished Creatures
  The ghost of pk666 the Skirmisher, a novice MiFi (D:6)
  A manticore (D:9)
  2 tengu conjurers (D:9)
  2 trolls
  A boulder beetle (D:8)
  A trapdoor spider zombie (D:9)
  Sigmund (D:4)
  2 hungry ghosts
  A deep elf mage (D:10)
  Eustachio (D:5)
  2 hippogriffs
  A necrophage (D:8)
  6 orc warriors
  2 sky beasts
  An eye of draining (D:10)
  2 phantoms (D:7)
  4 ice beasts
  4 centaurs
  2 big kobolds
  Blork the orc (D:5)
  A wyvern zombie (D:7)
  2 giant frogs
  6 killer bees (D:7)
  4 scorpions
  8 crimson imps
  6 two-headed ogre zombies (D:9)
  Ijyb (D:3)
  6 hounds
  A jelly (D:6)
  7 orc priests
  8 orc wizards
  2 centaur skeletons
  2 giant frog skeletons
  2 iguanas
  9 worker ants
  A killer bee zombie (D:4)
  18 adders
  7 gnolls
  2 shadow imps
  An ooze (D:3)
  An adder skeleton (D:8)
  A worm (D:2)
  43 orcs
  5 ball pythons (D:8)
  3 giant cockroaches
  15 goblins
  7 hobgoblins
  18 jackals
  7 kobolds
  3 quokkas
  9 bats
  4 giant geckos
  10 giant newts
  A jackal skeleton (D:4)
  A quokka zombie (D:7)
  6 rats
266 creatures vanquished.

Vanquished Creatures (others)
  An orc wizard (D:9)
  4 toadstools (D:1)
5 creatures vanquished.

Grand Total: 271 creatures vanquished

Notes
Turn   | Place    | Note
--------------------------------------------------------------
     0 | D:1      | pk666 the Minotaur Fighter began the quest for the Orb.
     0 | D:1      | Reached XP level 1. HP: 19/19 MP: 0/0
   100 | D:1      | Reached skill level 4 in Fighting
   120 | D:1      | Reached XP level 2. HP: 24/27 MP: 1/1
   797 | D:2      | Reached XP level 3. HP: 31/34 MP: 2/2
  1279 | D:3      | Reached XP level 4. HP: 37/41 MP: 3/3
  1591 | D:3      | Found an iron altar of Okawaru.
  1602 | D:3      | Became a worshipper of Warmaster Okawaru
  1636 | D:3      | Found a shimmering altar of Xom.
  1639 | D:3      | Found a deep blue altar of Sif Muna.
  1639 | D:3      | Found a radiant altar of Vehumet.
  1639 | D:3      | Found an opulent altar of Gozag.
  1864 | D:3      | Reached skill level 5 in Fighting
  2066 | D:3      | Noticed Ijyb
  2076 | D:3      | Killed Ijyb
  2076 | D:3      | Reached XP level 5. HP: 44/48 MP: 4/4
  2407 | D:4      | Noticed Sigmund
  2420 | D:4      | Killed Sigmund
  2420 | D:4      | Reached skill level 5 in Axes
  2420 | D:4      | Reached skill level 5 in Armour
  2420 | D:4      | Reached XP level 6. HP: 53/57 MP: 5/5
  2724 | D:4      | Reached skill level 6 in Fighting
  3085 | D:5      | Entered Level 5 of the Dungeon
  3318 | D:5      | Reached * piety under Okawaru
  3318 | D:5      | Reached XP level 7. HP: 64/64 MP: 6/6
  3386 | D:5      | Noticed Eustachio
  3407 | D:5      | Killed Eustachio
  3407 | D:5      | Reached skill level 7 in Fighting
  3959 | D:5      | Noticed Blork the orc
  3963 | D:5      | Killed Blork the orc
  4110 | D:5      | Noticed a hungry ghost
  4128 | D:5      | Killed a hungry ghost
  4128 | D:5      | Reached ** piety under Okawaru
  4128 | D:5      | Reached skill level 8 in Fighting
  4128 | D:5      | Reached XP level 8. HP: 67/74 MP: 7/7
  4208 | D:5      | Found a sacrificial altar of Ru.
  4680 | D:6      | Noticed pk666's ghost (novice MiFi)
  4697 | D:6      | Killed pk666's ghost
  4697 | D:6      | Reached skill level 9 in Fighting
  4949 | D:6      | Reached *** piety under Okawaru
  5060 | D:6      | Found a staircase to the Ecumenical Temple.
  5363 | D:6      | Found a sparkling altar of Nemelex Xobeh.
  5471 | D:6      | Reached skill level 10 in Fighting
  5471 | D:6      | Reached XP level 9. HP: 85/85 MP: 8/8
  5587 | D:6      | Reached skill level 10 in Axes
  6161 | D:7      | Found a blossoming altar of Fedhas.
  6481 | D:7      | Reached **** piety under Okawaru
  6481 | D:7      | Reached skill level 11 in Fighting
  7154 | D:8      | Found a shadowy altar of Dithmenos.
  7394 | D:8      | Reached XP level 10. HP: 86/97 MP: 9/9
  7599 | D:8      | Reached skill level 12 in Fighting
  8212 | D:8      | Reached skill level 1 in Invocations
  9127 | D:9      | Reached ***** piety under Okawaru
  9820 | D:9      | Reached skill level 13 in Fighting
  9906 | D:9      | Noticed a manticore
  9913 | D:9      | Killed a manticore
 10076 | D:10     | Entered Level 10 of the Dungeon
 10199 | D:10     | Reached XP level 11. HP: 107/107 MP: 9/13
 10253 | D:10     | HP: 2/107 [efreet/fireball (26)]
 10254 | D:10     | Succumbed to poison (a potion of poison)

Vault maps used:
D:1:      ldierk_water_garden
D:3:      kennysheep_goblin_castle, okawaru_metal_pillars_1_2,
          grunt_temple_overflow_open, first_bread
D:4:      minmay_quantized, uniq_sigmund
D:5:      lemuel_coloured_pillars_altar, uniq_eustachio, uniq_blork_the_orc
D:6:      nemelex_deck, minmay_temple_entry_fiery, hangedman_decor_push
D:7:      fedhas_altar_4
D:8:      boulder_indie, grunt_dithmenos_smoke_and_mirrors
D:9:      lemuel_ogre_cave, blue_anna_alchemist
D:10:     orc_0_dummy

Action                   |  1- 3 |  4- 6 |  7- 9 | 10-12 || total
-------------------------+-------+-------+-------+-------++-------
Melee: War axe           |    89 |   145 |   322 |   184 ||   740
       Battleaxe         |       |       |       |    85 ||    85
Invok: Heroism           |       |       |       |     4 ||     4
  Use: Potion            |       |       |     5 |     5 ||    10
       Scroll            |       |       |       |     5 ||     5
  Eat: Chunk             |     1 |     6 |    14 |     9 ||    30
       Beef jerky        |       |       |     1 |       ||     1
       Pizza             |       |       |     1 |       ||     1
       Bread ration      |       |       |       |     1 ||     1
